 Dungeon Crawl Stone Soup version 0.29.1-15-g9cfb28693d (webtiles) character file.

Game seed: 15309276124422296844

49 GeoRichter the Grave Robber (level 3, -3/24 HPs)
             Began as a Demonspawn Necromancer on Mar 16, 2023.
             Slain by a gnoll
             ... wielding a +0 club
              (4 damage)
             ... on level 2 of the Dungeon.
             The game lasted 00:02:48 (1224 turns).

GeoRichter the Grave Robber (DsNe)                  Turns: 1224, Time: 00:02:48

Health: -3/24      AC:  3    Str:  8    XL:     3   Next: 51%
Magic:  1/6        EV: 12    Int: 16    God:
Gold:   15         SH:  0    Dex: 15    Spells: 6/7 levels left

rFire   + . .      SeeInvis .   e - +0 dagger
rCold   + . .      Faith    .   (no shield)
rNeg    . . .      Spirit   .   a - +0 robe
rPois   .          Reflect  .   (no helmet)
rElec   .          Harm     .   i - scarf {rC+ rF+}
rCorr   .          Rampage  .   h - +0 pair of gloves
Will    .....                   (no boots)
Stlth   ++........              (no amulet)
HPRegen 0.08/turn               (no ring)
MPRegen 0.10/turn               (no ring)

@: no status effects
A: hooves 1, foul stench 1
a: no special abilities


You were on level 2 of the Dungeon.
You visited 1 branch of the dungeon, and saw 2 of its levels.

You collected 15 gold pieces.

Inventory:

Hand Weapons
 e - a +0 dagger (weapon)
   (You took it off a goblin on level 1 of the Dungeon)
Armour
 a - a +0 robe (worn)
 h - a +0 pair of gloves (worn)
   (You found it on level 1 of the Dungeon)
 i - a scarf of resistance (worn)
   (You found it on level 1 of the Dungeon)
Scrolls
 d - a scroll of identify {unknown}
 g - a scroll of amnesia {unknown}
Potions
 c - a potion of degeneration {unknown}
 f - a potion of invisibility {unknown}
 j - a potion of brilliance {unknown}


   Skills:
 - Level 1.7 Dodging
 - Level 2.0 Stealth
 + Level 2.5 Spellcasting
 * Level 5.3 Necromancy


You had 6 spell levels left.
You knew the following spells:

 Your Spells              Type           Power      Damage    Failure   Level
a - Necrotise             Necr           76%        1d7       2%          1

Your spell library contained the following spells:

 Spells                   Type           Power      Damage    Failure   Level
 Vampiric Draining        Necr           19%        2d7       6%          3
 Animate Dead             Necr           19%        N/A       22%         4
 Agony                    Necr           19%        N/A       52%         5


Dungeon Overview and Level Annotations

Branches:
Dungeon (2/15) Zot: 10776

Altars:


Innate Abilities, Weirdness & Mutations

You have large cloven feet.
You may rarely emit foul miasma when damaged in melee.


Message History

You can't see any susceptible monsters within range! (Use Z to cast anyway.)
Found a stone staircase leading down.
Your kobold skeleton crumbles into dust!
Found a stone staircase leading up.
A gnoll comes into view. It is wielding a +0 whip.
The gnoll shouts!
A gnoll comes into view. It is wielding a +0 flail.
The gnoll barely resists.
The gnoll shouts!
A gnoll comes into view. It is wielding a +0 club.
The gnoll writhes in agony.
The gnoll shouts!
The gnoll writhes in agony.
The gnoll writhes in agony.
The gnoll hits you with a +0 whip. The gnoll attacks as you move away!
The gnoll hits you with a +0 whip.
Aim: a gnoll, wielding a +0 whip (moderately wounded, chance to affect: 83%)
The gnoll writhes in agony.
The gnoll misses you.
Aim: a gnoll, wielding a +0 whip (heavily wounded, chance to affect: 83%)
The gnoll writhes in agony.
The gnoll barely misses you.
Okay, then.
Aim: a gnoll, wielding a +0 whip (almost dead, chance to affect: 83%)
The gnoll barely resists.
The gnoll misses you. Magic courses through your body.
The gnoll closely misses you.
Aim: a gnoll, wielding a +0 whip (almost dead, chance to affect: 83%)
The gnoll writhes in agony!
You kill the gnoll!
The dead are walking!
The gnoll barely misses your gnoll skeleton.
The gnoll hits your gnoll skeleton with a +0 flail!
Your gnoll skeleton is destroyed!
Aim: a gnoll, wielding a +0 flail (chance to affect: 84%)
The gnoll barely resists.
Aim: a gnoll, wielding a +0 flail (chance to affect: 84%)
The gnoll barely resists.
Aim: a gnoll, wielding a +0 flail (chance to affect: 84%)
The gnoll writhes in agony.
The gnoll barely misses you.
Aim: a gnoll, wielding a +0 flail (moderately wounded, chance to affect: 84%)
The gnoll writhes in agony.
The gnoll attacks as you move away! The gnoll hits you with a +0 club!
* * * LOW HITPOINT WARNING * * *
The gnoll attacks as you move away! The gnoll hits you with a +0 flail!
* * * LOW HITPOINT WARNING * * *
Unknown command.
Okay, then.
The gnoll attacks as you move away! The gnoll hits you with a +0 club.
You die...

#. ..#...........#
. ..#.#.##.#.#..# #
....#)#.#.......#
#...#.#.#.......#
#...#.#.#.......#
...#.#.#.##....#
..#.#.........# ###
#.#........#.##
#....#.#####@####.#
#.<....###g# .
.....#.#..).g# #.#
#.#.##### #.#.#
#...# ###.# ... #..


You could see 2 gnolls.

Vanquished Creatures
  A gnoll (D:2)
  A dart slug (D:1)
  2 endoplasms (D:1)
  A giant cockroach (D:1)
  4 goblins (D:1)
  2 hobgoblins (D:1)
  4 jackals (D:1)
  3 kobolds
  A quokka (D:1)
  2 ball pythons (D:1)
  3 bats (D:1)
  A frilled lizard (D:1)
  3 rats (D:1)
28 creatures vanquished.

Vanquished Creatures (collateral kills)
  A dart slug (D:1)
  An endoplasm (D:1)
  A frilled lizard (D:1)
3 creatures vanquished.

Grand Total: 31 creatures vanquished

Notes
Turn   | Place    | Note
-------+----------+-------------------------------------------
     0 | D:1      | GeoRichter the Demonspawn Necromancer began the quest for
                  | the Orb.
     0 | D:1      | Reached XP level 1. HP: 13/13 MP: 3/3
   259 | D:1      | Found a faded altar of an unknown god.
   379 | D:1      | Gained mutation: You may rarely emit foul miasma when
                  | damaged in melee. [demonic ancestry]
   379 | D:1      | Reached XP level 2. HP: 19/19 MP: 0/5
   634 | D:1      | Reached skill level 5 in Necromancy
   772 | D:1      | Gained mutation: You have large cloven feet. [demonic
                  | ancestry]
   772 | D:1      | Reached XP level 3. HP: 24/24 MP: 1/6
  1223 | D:2      | HP: 1/24 [gnoll/+0 flail (7)]
  1224 | D:2      | Slain by a gnoll

Illustrated notes

Levels and vault maps discovered:
D:1:      mrwooster_arrival_arrow, layout_rooms, ebering_ecumenical_altar_rust
D:2:      layout_basic, minmay_hedge_maze, kennysheep_decorative_pillar

Skill      XL: |  1  2 |
---------------+-------+-----
Stealth        | 2 |  2.0
Necromancy     | 5 |  5.3
Dodging        | |  1.7
Spellcasting   | |  2.5

Action                   || total
-------------------------++-------
Melee: Unarmed           ||     9
       Dagger            ||     5
       Kick              ||     2
 Cast: Necrotise         ||    56
  Use: Potion            ||     1
Armor: Robe              ||     3
Dodge: Dodged            ||    14
